 Dungeon Crawl Stone Soup version 0.21-a0-504-g2eda330 (webtiles) character file.

44 slep the Skirmisher (level 3, 0/29 HPs)
             Began as a Demonspawn Monk on Nov 25, 2017.
             Was a Believer of Okawaru.
             Slain by a kobold
             ... wielding a +1 whip of flaming
              (3 damage)
             ... on level 2 of the Dungeon.
             The game lasted 00:05:24 (1327 turns).

slep the Skirmisher (Demonspawn Monk)               Turns: 1327, Time: 00:05:25

Health: 0/29       AC:  2    Str: 12    XL:     3   Next: 41%
Magic:  3/3        EV:  8    Int: 11    God:    Okawaru [**....]
Gold:   39         SH: 10    Dex: 15    Spells: 2/2 levels left

rFire    . . .     SeeInvis .   a - +0 spear
rCold    . . .     Gourm    .   g - +0 large shield
rNeg     . . .     Faith    .   b - +0 robe
rPois    +         Spirit   .   (helmet restricted)
rElec    .         Reflect  .   (no cloak)
rCorr    .         Harm     .   (no gloves)
MR       .....                  (no boots)
Stlth    +++.......             (no amulet)
HPRegen  0.09/turn              d - ring of stealth
MPRegen  0.08/turn              h - ring of poison resistance

@: no status effects
A: antennae 1, rot immunity
a: Heroism, Renounce Religion


You were on level 2 of the Dungeon.
You worshipped Okawaru.
Okawaru was pleased with you.
You were hungry.

You visited 1 branch of the dungeon, and saw 2 of its levels.

You collected 39 gold pieces.

Inventory:

Hand Weapons
 a - a +0 spear (weapon)
Armour
 b - a +0 robe (worn)
 g - a +0 large shield (worn)
Jewellery
 d - a ring of stealth (left hand)
 h - a ring of poison resistance (right hand)
Scrolls
 e - 2 scrolls of teleportation {unknown}
 f - a scroll of identify {unknown}
 j - 2 scrolls of amnesia {unknown}
Potions
 i - a potion of brilliance {unknown}
Comestibles
 c - a bread ration


   Skills:
 + Level 3.4 Fighting
 + Level 3.2 Polearms
 + Level 3.1 Dodging
 + Level 2.0 Stealth
 + Level 0.1 Shields


You had 2 spell levels left.
You didn't know any spells.

Dungeon Overview and Level Annotations

Branches:
Dungeon (2/15)

Altars:
Okawaru


Innate Abilities, Weirdness & Mutations

You have a pair of small antennae on your head.
You are immune to rotting.


Message History

The kobold hits you but does no damage.
You hit the giant cockroach.
You kill the giant cockroach!
Okawaru accepts your kill.
Your Stealth skill increases to level 2!
You are feeling hungry.
You block the kobold's attack. You block the kobold's attack.
You miss the kobold.
The kobold hits you with a whip of flaming.
The kobold burns you.
You hit the kobold but do no damage.
The kobold hits you with a whip of flaming.
The kobold burns you.
* * * LOW HITPOINT WARNING * * *
You closely miss the kobold.
The kobold hits you with a whip of flaming.
* * * LOW HITPOINT WARNING * * *
The kobold burns you.
You die...

.....# .# .....##.#
#.#...#.# #.......#
##.##.##.##
#..#...#..#
#.........#
#...K_.(..#
#...@.....###########
#..#...#.............
##.##.##...#########.
#........## #.
###......# #.
##...### #. ##### #.
#. #.


You could see a kobold.

Vanquished Creatures
  An ooze (D:1)
  A dart slug (D:1)
  2 giant cockroaches
  8 goblins (D:1)
  6 hobgoblins (D:1)
  6 bats
  5 frilled lizards
  4 kobolds
  A rat (D:1)
34 creatures vanquished.

Notes
Turn   | Place    | Note
-------+----------+-------------------------------------------
     0 | D:1      | slep the Demonspawn Monk began the quest for the Orb.
     0 | D:1      | Reached XP level 1. HP: 18/18 MP: 1/1
    70 | D:1      | Gained mutation: You are immune to rotting. [demonic ancestry]
    70 | D:1      | Reached XP level 2. HP: 2/24 MP: 2/2
    76 | D:1      | HP: 1/24 [bat (1)]
   572 | D:1      | HP: 1/24 [goblin/dagger (2)]
   582 | D:1      | Gained mutation: You have a pair of small antennae on your head. [demonic ancestry]
   582 | D:1      | Reached XP level 3. HP: 3/29 MP: 3/3
  1303 | D:2      | Found an iron altar of Okawaru.
  1321 | D:2      | Became a worshipper of Warmaster Okawaru
  1321 | D:2      | Reached * piety under Okawaru
  1321 | D:2      | Reached ** piety under Okawaru
  1327 | D:2      | Slain by a kobold

Vault maps used:
D:1:      minmay_arrival_hallway
D:2:      amethyst_overflow_temple_binary, okawaru_gym_becter, uniq_robin

Skill      XL: |  1  2  3 |
---------------+----------+-----
Dodging        | 3 |  3.1
Polearms       | 3 |  3.2
Stealth        | 2 |  2.0
Fighting       | |  3.4
Shields        | |  0.1

Action                   || total
-------------------------++-------
Melee: Spear             ||   139
  Use: Potion            ||     1
 Stab: Sleeping          ||    11
  Eat: Chunk             ||     1
Armor: Robe              ||    22
       Skin              ||     5
Dodge: Dodged            ||    51
Block: Large shield      ||    49

Table legend:
 A = Spawn XP
 B = Non-spawn XP
 C = Spawn XP percentage of total XP
 D = Spawn monster count
 E = Non-spawn monster count
 F = Spawn count percentage of total count
 G = Total turns spent on level
                    A         B        C        D         E        F      G
               +---------+---------+-------+---------+---------+-------+---------
         Total |       0 |      64 |   0.0 |       0 |      34 |   0.0 |  1327
               +---------+---------+-------+---------+---------+-------+---------
           D:1 |       0 |      57 |   0.0 |       0 |      30 |   0.0 |  1224
           D:2 |       0 |       7 |   0.0 |       0 |       4 |   0.0 |   103
               +---------+---------+-------+---------+---------+-------+---------
